 Dungeon Crawl Stone Soup version 0.28-a0-1486-g8196b01e9b (webtiles) character file.

Game seed: 5759461946713961530

1273 Nattfarinn the Covert (level 8, -1/48 HPs)
             Began as a Kobold Brigand on Jan 12, 2022.
             Slain by a scorpion (2 damage)
             ... on level 6 of the Dungeon.
             The game lasted 00:12:07 (7371 turns).

Nattfarinn the Covert (Kobold Brigand)              Turns: 7371, Time: 00:12:07

Health: -1/48      AC:  4    Str: 14    XL:     8   Next: 83%
Magic:  8/8        EV: 14    Int: 12    God:
Gold:   101        SH:  0    Dex: 19    Spells: 7/7 levels left

rFire   . . .      SeeInvis .   a - +2 dagger
rCold   . . .      Faith    .   (no shield)
rNeg    . . .      Spirit   .   b - +0 robe
rPois   .          Reflect  .   p - +0 helmet
rElec   .          Harm     .   A - +0 cloak
rCorr   .          Rampage  .   (no gloves)
Will    .....                   (no boots)
Stlth   ++++++....              u - amulet of magic regeneration
HPRegen 0.16/turn               t - +6 ring of strength
MPRegen 0.51/turn               (no ring)

@: lethally poisoned (-1 -> -12)
A: small, no large weapons, nightstalker 3
a: no special abilities


You were on level 6 of the Dungeon.
You visited 1 branch of the dungeon, and saw 6 of its levels.
You also visited: Sewer.

You collected 183 gold pieces.
You spent 82 gold pieces at shops.

Inventory:

Hand Weapons
 a - a +2 dagger (weapon)
Missiles
 d - 6 poisoned darts (quivered)
 e - 2 curare-tipped darts
Armour
 b - a +0 robe (worn)
 c - a +0 cloak
 p - a +0 helmet (worn)
 r - a +0 buckler of protection
 A - a +0 cloak (worn)
Jewellery
 t - a +6 ring of strength (left hand)
 u - an amulet of magic regeneration (around neck)
Wands
 m - a wand of polymorph (7)
 D - a wand of digging (7)
Scrolls
 f - a scroll of acquirement {unknown}
 g - 3 scrolls of teleportation
 h - 6 scrolls of identify {unknown}
 i - a scroll of enchant weapon {unknown}
 j - 3 scrolls of summoning {unknown}
 k - a scroll of silence {unknown}
 q - a scroll of amnesia {unknown}
 x - a scroll of noise {unknown}
 y - a scroll of immolation {unknown}
 B - a scroll of holy word {unknown}
Potions
 l - a potion of cancellation {unknown}
 n - 3 potions of flight {unknown}
 o - a potion of brilliance {unknown}
 s - a potion of berserk rage {unknown}
 v - 2 potions of haste {unknown}
 w - 3 potions of invisibility {unknown}
 z - 3 potions of might {unknown}
 C - a potion of curing {unknown}


   Skills:
 + Level 4.8 Fighting
 * Level 8.1 Short Blades
 + Level 4.8 Throwing
 - Level 1.2 Dodging
 * Level 9.9 Stealth


You had 7 spell levels left.
You didn't know any spells.
Your spell library contained the following spells:

 Spells                   Type           Power      Damage    Failure   Level
 Animate Skeleton         Necr           0%         N/A       32%         1
 Apportation              Tloc           0%         N/A       32%         1
 Pain                     Necr           0%         1d4       32%         1
 Summon Small Mammal      Summ           0%         N/A       32%         1
 Vampiric Draining        Necr           0%         2d6       69%         3


Dungeon Overview and Level Annotations

Branches:
Dungeon (6/15)              Sewer (visited)
 Temple: D:4-7

Altars:
Qazlal
Trog

Shops:
D:2 (=??[

Annotations:
D:6 1 runed translucent door


Innate Abilities, Weirdness & Mutations

You are small and have problems with some larger weapons.
You are completely attuned to the shadows.


Message History

The helpless hound fails to defend itself.
You spit the hound like a pig!!!!
You kill the hound!
No target in view!
You now have 101 gold pieces (gained 9).
j - 3 scrolls labelled CUITUC INWU (gained 1)
Found a cloak.
h - 6 scrolls labelled EMYMME TEAM (gained 2)
v - 2 purple potions (gained 1)
Found a stone staircase leading up.
Found a hunting sling.
You see here 9 arrows.
Found a pair of boots.
A killer bee comes into view.
Found a scroll labelled EMYMME TEAM.
A killer bee is nearby! 2 killer bees come into view. 2 killer bees and a scorpion come into view.
Found 14 bolts.
A killer bee and an ogre come into view.
The helpless killer bee fails to defend itself.
You stick the killer bee like a pincushion!!!!
You kill the killer bee!
The ogre shouts!
The killer bee buzzes angrily. x4
The killer bee stings you.
You are poisoned.
The killer bee poisons you! The killer bee misses you.
The killer bee stings you.
You are more poisoned.
The killer bee poisons you!
The killer bee buzzes angrily.
You feel very sick.
The killer bee stings you. x3; The killer bee stings you!
* * * LOW HITPOINT WARNING * * *
* * * LOW HITPOINT WARNING * * *
You feel very sick. The scorpion closely misses you. The killer bee stings you.
* * * LOW HITPOINT WARNING * * *
The killer bee barely misses you. The scorpion stings you.
You die...

................#..## #.####.###.
................##..# #..##).# ##
................###.# #.#..####.
................###.####.#.......
............................#####
#..............#.##...####..##
.......##.....##.####...##...#
#### ########.# ###.##.#.###
####@#### #.##.#...# #..syy...
#....##### #..yyy... ##..##
.....O... #### #....(...
#........ #########


You could see an ogre, a scorpion and 5 killer bees.

Vanquished Creatures
  2 sky beasts
  A black bear (D:5)
  A centaur (D:6)
  A bullfrog (D:4)
  A scorpion (D:5)
  A killer bee (D:6)
  A howler monkey (D:5)
  4 orc priests (D:5)
  4 hounds
  A jelly (D:6)
  A bullfrog skeleton (D:5)
  2 iguanas
  Natasha (thrice) (D:3)
  3 orc wizards (D:5)
  A hound skeleton (D:4)
  Robin (D:2)
  6 adders
  An ufetubus (D:6)
  4 worms
  3 dart slugs
  17 endoplasms
  13 giant cockroaches
  14 goblins
  8 hobgoblins
  6 jackals (D:4)
  6 quokkas
  8 ball pythons
  6 bats
  7 frilled lizards
  7 kobolds
  10 rats
144 creatures vanquished.

Notes
Turn   | Place    | Note
-------+----------+-------------------------------------------
     0 | D:1      | Nattfarinn the Kobold Brigand began the quest for the Orb.
     0 | D:1      | Reached XP level 1. HP: 12/12 MP: 1/1
   225 | D:1      | Reached XP level 2. HP: 17/17 MP: 2/2
   582 | D:1      | Reached XP level 3. HP: 15/22 MP: 3/3
  1297 | D:2      | Reached skill level 6 in Stealth
  1533 | D:2      | Found Sayluh's Armour Shoppe.
  1582 | D:2      | Noticed Robin
  1898 | D:1      | Reached XP level 4. HP: 25/27 MP: 4/4
  1928 | D:2      | Found Appeal's Weapon Emporium.
  1981 | D:2      | Found Waozui's Jewellery Shoppe.
  2014 | D:2      | Found Acyd's Magic Scroll Shoppe.
  2034 | D:2      | Found Melarushux's Magic Scroll Shop.
  2044 | D:2      | Bought a scroll of blinking for 82 gold pieces
  2623 | D:2      | Killed Robin
  2823 | D:3      | Noticed Natasha
  2824 | D:3      | Killed Natasha
  2891 | D:3      | Reached XP level 5. HP: 32/32 MP: 5/5
  2931 | D:3      | Noticed Natasha
  2941 | D:3      | Killed Natasha
  3094 | D:3      | Noticed Natasha
  3096 | D:3      | Killed Natasha
  3520 | D:3      | Reached skill level 7 in Stealth
  3520 | D:3      | Reached XP level 6. HP: 8/37 MP: 6/6
  3879 | D:4      | Reached skill level 5 in Short Blades
  4020 | D:4      | Found a stormy altar of Qazlal.
  4020 | D:4      | Noticed an air elemental
  4020 | D:4      | Noticed a water elemental
  4024 | D:4      | Noticed a fire elemental
  4141 | D:4      | Found a glowing drain.
  4156 | Sewer    | Entered a sewer
  4590 | Sewer    | Found a viscous altar of Jiyva.
  4762 | D:4      | Reached XP level 7. HP: 41/41 MP: 7/7
  4854 | D:4      | Reached skill level 8 in Stealth
  5331 | D:5      | Entered Level 5 of the Dungeon
  5402 | D:5      | Found a bloodstained altar of Trog.
  5682 | D:5      | Reached XP level 8. HP: 24/48 MP: 8/8
  6126 | D:5      | Reached skill level 9 in Stealth
  7220 | D:6      | Found a runed translucent door.
  7371 | D:6      | HP: 1/48 [killer bee (6)]
  7371 | D:6      | Slain by a scorpion

Illustrated notes

Levels and vault maps discovered:
D:1:      mrwooster_arrival_arrow, layout_rooms
D:2:      layout_loops_ring, serial_shops, shop_fountains,
          nicolae_lakefront_shop, shop, nicolae_shop_waterfront, shop,
          uniq_robin
D:3:      layout_rooms, uniq_natasha
D:4:      layout_rooms, nicolae_qazlal_style_of_elements, portal_sewer_entry_f
D:5:      layout_loops_corners, trog_book
D:6:      layout_rooms, ebering_ghost_sewer_f

Skill      XL: |  1  2  3  4  5  6  7  8 |
---------------+-------------------------+-----
Short Blades   | 3 4 5 7 8 |  8.1
Stealth        | 6 7 8 9 |  9.9
Throwing       | 3 4 |  4.8
Fighting       | 3 4 |  4.8
Dodging        | |  1.2

Action                   |  1- 3 |  4- 6 |  7- 9 || total
-------------------------+-------+-------+-------++-------
Melee: Dagger            |   113 |   217 |   152 ||   482
       Punch             |       |     2 |       ||     2
Throw: Dart              |       |     6 |    17 ||    23
Evoke: Wand              |       |     3 |       ||     3
  Use: Potion            |       |     2 |     3 ||     5
       Scroll            |       |     1 |     1 ||     2
 Stab: Sleeping          |    16 |    31 |    13 ||    60
Armor: Robe              |    14 |    21 |    22 ||    57
Dodge: Dodged            |    70 |    80 |    93 ||   243

Table legend: (Time is in decaauts)
 A = Elapsed time spent in this place.
 B = Non-inter-level travel time spent in this place.
 C = Inter-level travel time spent in this place.
 D = Time resting spent in this place.
 E = Time spent auto-exploring this place.
 F = Levels seen in this place.
 G = Mean time per level.
                   A        B        C        D        E       F      G
               +--------+--------+--------+--------+--------+-----+--------+
         Total |   7276 |   6838 |    438 |    963 |   4907 |   7 | 1039.4 |
       Dungeon |   6732 |   6294 |    438 |    761 |   4735 |   6 | 1122.0 |
         Sewer |    543 |    543 |      0 |    202 |    171 |   1 |  543.0 |
               +--------+--------+--------+--------+--------+-----+--------+

Top non-repeatable levels by time:
     D:5: 1573 daAuts
     D:2: 1550 daAuts
     D:1: 1248 daAuts
     D:3: 1034 daAuts
     D:4: 896 daAuts
   Sewer: 543 daAuts
     D:6: 428 daAuts
